 Dungeon Crawl Stone Soup version 0.16.2-2-g470672f (webtiles) character file.

18 andalon the Caller (level 2, 0/20 HPs)
             Began as a Vampire Summoner on Sept 2, 2015.
             Slain by a giant gecko (3 damage)
             ... on level 2 of the Dungeon.
             The game lasted 00:12:46 (1290 turns).

andalon the Caller (Vampire Summoner)               Turns: 1290, Time: 00:12:47

Health: 0/20       AC:  1    Str:  7      XL:     2   Next: 51%
Magic:  0/4        EV: 12    Int: 16 (17) God:
Gold:   88         SH:  0    Dex: 14      Spells: 1 memorised, 4 levels left

rFire  . . .     SeeInvis +     f - +0 spear
rCold  . . .     Clarity  .     (no armour)
rNeg   + . .     SustAb   .     (no shield)
rPois  +         Gourm    .     (no helmet)
rElec  .         Spirit   .     (no cloak)
rCorr  .         Warding  .     g - +0 pair of gloves
rMut   .         Stasis   .     (no boots)
MR     .....                    (no amulet)
Stlth  ++........               (no ring)
                                k - ring of poison resistance

@: lethally poisoned (0 -> -7), not resistant to hostile enchantments,
unstealthy
A: bottle blood, fangs 3, see invisible, unbreathing
a: no special abilities


You were on level 2 of the Dungeon.
You were not thirsty.

You visited 1 branch of the dungeon, and saw 2 of its levels.

You collected 88 gold pieces.

Inventory:

Hand weapons
 f - a +0 spear (weapon)
Armour
 a - a +0 robe
 g - a +0 pair of gloves (worn)
 h - a +0 ring mail
Jewellery
 k - a ring of poison resistance (left hand)
Potions
 c - 3 potions of blood
 e - a potion of degeneration
 i - a potion of might {unknown}
Books
 b - a book of Callings

   Spells                             Type                      Level
   a - Summon Small Mammal            Summoning                    1
   b - Call Imp                       Summoning                    2
   c - Call Canine Familiar           Summoning                    3
   d - Summon Guardian Golem          Hexes/Summoning              4
   e - Summon Lightning Spire         Summoning/Air                4
   f - Summon Ice Beast               Ice/Summoning                4
Comestibles
 d - a bread ration


   Skills:
 * Level 0.6 Fighting
 * Level 0.1 Polearms
 - Level 2.2 Dodging
 - Level 3.0 Stealth
 + Level 2.2 Spellcasting
 - Level 4.3 Summonings


You had 4 spell levels left.
You knew the following spells:

 Your Spells              Type           Power        Failure   Level  Hunger
a - Summon Small Mammal   Summ           ###.         4%          1    #......


Dungeon Overview and Level Annotations

Branches:
Dungeon (2/15)

Altars:


Innate Abilities, Weirdness & Mutations

You can bottle blood from corpses.
You have razor-sharp teeth.
You have supernaturally acute eyesight.
You can survive without breathing.


Message History

You climb upwards.
Your summoned ally is left behind.
There is a stone staircase leading down here.
The worm closely misses you. The rat bites you but does no damage.
The kobold hits you but does no damage.
You are poisoned.
You climb downwards.
You feel sick.
Your bat disappears in a puff of smoke!
The giant gecko bites you.
There is a stone staircase leading up here.
You see here a stone.
Casting: Summon Small Mammal
Confirm with . or Enter, or press ? or * to list all spells.
You feel sick. The giant gecko bites you. The rat bites you.
The kobold hits you with a whip of venom.
The worm bites you.
* * * LOW HITPOINT WARNING * * *
You hit the kobold but do no damage. You bite the kobold, but do no damage.
* * * LOW HITPOINT WARNING * * *
You feel sick.
Your bat hits the worm. The giant gecko bites you.
You die...

. . .. .# ##. .# #
. #.. .# . ...##..
.#.# #. .
[....##.#.#..( ...
..........#
..##..#.#.r...##..
.......(K@b.......
......#.l.w.......
........(...?...
...)##......%...
... ........... .
....s..(...
.......>...
.#.##..... #..


You could see a worm, a giant gecko, a giant cockroach, a kobold, a rat and a
friendly bat.

Vanquished Creatures
  A giant gecko (D:1)
  A ball python (D:1)
  A bat (D:1)
  A goblin (D:1)
  A kobold (D:2)
  A rat (D:1)
6 creatures vanquished.

Vanquished Creatures (collateral kills)
  An adder (D:1)
  2 bats
  A giant cockroach (D:1)
  A hobgoblin (D:1)
  A kobold (D:1)
  A giant newt (D:1)
  2 goblins
  A rat (D:1)
10 creatures vanquished.

Vanquished Creatures (others)
  A hobgoblin (D:1)
  2 quokkas (D:2)
  2 bats (D:1)
  6 rats
11 creatures vanquished.

Grand Total: 27 creatures vanquished

Notes
Turn   | Place    | Note
--------------------------------------------------------------
     0 | D:1      | andalon, the Vampire Summoner, began the quest for the Orb.
     0 | D:1      | Reached XP level 1. HP: 13/13 MP: 3/3
   922 | D:1      | Reached XP level 2. HP: 14/19 MP: 0/4
  1290 | D:2      | Slain by a giant gecko

Action                   || total
-------------------------++-------
Melee: Unarmed           ||    12
       Spear             ||    23
 Cast: Summon Small Mamm ||    32
  Use: Potion            ||     4
       Scroll            ||     4
